 Dungeon Sprint DCSS version 0.19.1-1-g22dce08 (webtiles) character file.

7000000 godofchicken the Axe Maniac (level 27, -1/271 (273) HPs)
             Began as a Minotaur Gladiator on Jan 5, 2017.
             Was the Champion of Makhleb.
             Killed by the air
             ... invoked by a tyrant
              (38 damage)
             ... in the Dungeon (Sprint VIII: "Arena of Blood").
             The game lasted 00:05:32 (70 turns).

godofchicken the Axe Maniac (Minotaur Gladiator)      Turns: 70, Time: 00:05:33

HP:   -1/271 (273)  AC:  6    Str: 30    XL:     27
MP:   28/53         EV: 31    Int:  5    God:    Makhleb [******]
Gold: 0             SH:  0    Dex: 14    Spells: 0 memorised, 80 levels left

rFire  . . .     SeeInvis .     l - +∞ Axe of Woe
rCold  . . .     Gourm    .     b - +0 leather armour
rNeg   . . .     Faith    .     (shield currently unavailable)
rPois  .         Spirit   .     c - +0 hat
rElec  .         Reflect  .     (no cloak)
rCorr  .         Harm     .     (no gloves)
MR     ++...     NoTele   +     (no boots)
Stlth  +++++++++.               (no amulet)
                                (no ring)
                                (no ring)

@: no status effects
A: retaliatory headbutt, horns 2
a: Minor Destruction, Lesser Servant of Makhleb, Major Destruction, Greater
Servant of Makhleb, Renounce Religion


You were in the Dungeon.
You worshipped Makhleb.
Makhleb was exalted by your worship.
You were not hungry.

You visited 1 branch

Inventory:

Hand Weapons
 a - a +0 war axe
 l - the +∞ Axe of Woe (weapon)
   (You found it in the Dungeon)
Missiles
 d - 3 throwing nets (quivered)
Armour
 b - a +0 leather armour (worn)
 c - a +0 hat (worn)
Scrolls
 k - a scroll of blinking
Potions
 e - a potion of curing
 g - a potion of heal wounds
 h - a potion of haste
 i - 2 potions of magic
 j - a potion of berserk rage
Comestibles
 f - a bread ration


   Skills:
 O Level 27 Fighting
 O Level 27 Axes
 O Level 27 Throwing
 O Level 27 Armour
 O Level 27 Dodging
 O Level 27 Stealth
 O Level 27 Unarmed Combat
 O Level 27 Spellcasting
 O Level 27 Invocations


You had 80 spell levels left.
You didn't know any spells.

Dungeon Overview and Level Annotations

Branches:
Dungeon (1/1)

Altars:
Makhleb


Innate Abilities, Weirdness & Mutations

You reflexively headbutt those who attack you in melee.
You have a pair of horns on your head.


Message History

You fatally mangle the large abomination.
You destroy the large abomination!
You hear a shout! x3
The eight-headed meat hydra is engulfed in roaring flames.
The eight-headed meat hydra calls on the powers of darkness!
The eight-headed meat hydra convulses!
The bag of meat convulses! x3
Your body is wracked with pain!
* * * LOW HITPOINT WARNING * * *
The bag of meat convulses! x2; The large bag of meat convulses!
The bag of meat convulses!
You hear a shout!
You hit the large abomination but do no damage.
You butcher the large abomination messily.
You destroy the large abomination!
You hear a shout!
The tyrant is engulfed in roaring flames.
You hear a shout!
The tyrant waves its bony arms in wide circles.
The air twists around and strikes you!
You die...

....... .. ..
.####.....##.##..
#...............§.
#..........#.#...
#%.....%.X..X....
#..o....%XL.....
...#....)X.X..z...
..%.o..@oL§X.X....
.....%.)))D).X....
.......#))oX...#.
.#%....#)Xo)...#
.....###))oC...###.
.......)))###......
..#......%._...M..
#.......#.....#...
.......#_.<._#...


You could see 2 tyrants, an eight-headed meat hydra, a sculptor of flesh, a
large bag of meat (inner flame), 10 large abominations and 6 bags of meat.

Vanquished Creatures
  A greater mummy (D)
  10 vampire knights (D)
  24 ogres (D)
  4 liches (D)
  A hydra (D)
  48 orcs (D)
  5 hill giants (D)
  4 skeletal warriors (D)
  6 small abominations (D)
  6 large abominations (D)
  4 crawling corpses (D)
113 creatures vanquished.

Vanquished Creatures (others)
  2 orcs (D)
  3 crawling corpses (D)
5 creatures vanquished.

Grand Total: 118 creatures vanquished

Notes
Turn   | Place    | Note
-------+----------+-------------------------------------------
     0 | D        | godofchicken the Minotaur Gladiator began the quest for the Orb.
     0 | D        | Reached XP level 1. HP: 18/18 MP: 0/0
     3 | D        | Noticed a bag of meat
     4 | D        | Became a worshipper of Makhleb the Destroyer
     5 | D        | Noticed a bag of meat
     6 | D        | Noticed a bag of meat
     6 | D        | Noticed a meat berserker
     7 | D        | Noticed a bag of meat
     7 | D        | Noticed a meat berserker
     9 | D        | Noticed a bag of meat
     9 | D        | Noticed a bag of meat
    10 | D        | Noticed a meat berserker
    10 | D        | Killed a meat berserker
    10 | D        | Reached XP level 2. HP: 45/45 MP: 1/1
    10 | D        | Reached XP level 3. HP: 51/51 MP: 2/2
    10 | D        | Reached XP level 4. HP: 59/59 MP: 3/3
    10 | D        | Reached XP level 5. HP: 66/66 MP: 4/4
    10 | D        | Reached XP level 6. HP: 73/73 MP: 5/5
    10 | D        | Reached XP level 7. HP: 80/80 MP: 6/6
    10 | D        | Reached XP level 8. HP: 88/88 MP: 7/7
    10 | D        | Reached XP level 9. HP: 94/94 MP: 8/8
    10 | D        | Reached XP level 10. HP: 102/102 MP: 9/9
    10 | D        | Reached XP level 11. HP: 108/108 MP: 10/10
    10 | D        | Reached XP level 12. HP: 116/116 MP: 11/11
    10 | D        | Reached XP level 13. HP: 123/123 MP: 12/12
    10 | D        | Killed a bag of meat
    10 | D        | Reached * piety under Makhleb
    11 | D        | Noticed a bag of meat
    11 | D        | Killed a meat berserker
    11 | D        | Reached skill level 27 in Axes
    11 | D        | Reached XP level 14. HP: 141/141 MP: 13/13
    11 | D        | Killed a bag of meat
    11 | D        | Reached skill level 1 in Armour
    11 | D        | Reached skill level 27 in Dodging
    11 | D        | Reached XP level 15. HP: 155/155 MP: 14/14
    11 | D        | Reached ** piety under Makhleb
    13 | D        | Noticed a meat berserker
    13 | D        | Killed a meat berserker
    13 | D        | Reached skill level 27 in Fighting
    13 | D        | Reached XP level 16. HP: 183/183 MP: 15/15
    14 | D        | Noticed a meat berserker
    15 | D        | Reached *** piety under Makhleb
    15 | D        | Reached skill level 10 in Armour
    15 | D        | Reached skill level 27 in Throwing
    15 | D        | Reached XP level 17. HP: 191/191 MP: 16/16
    15 | D        | Killed a meat berserker
    17 | D        | Noticed a meat berserker
    17 | D        | Reached **** piety under Makhleb
    17 | D        | Reached skill level 27 in Armour
    19 | D        | Noticed a large bag of meat
    19 | D        | Noticed a meat berserker
    19 | D        | Noticed a meat berserker
    19 | D        | Reached skill level 5 in Spellcasting
    19 | D        | Reached XP level 18. HP: 200/200 MP: 16/24
    20 | D        | Killed a meat berserker
    20 | D        | Killed a meat berserker
    20 | D        | Reached ***** piety under Makhleb
    20 | D        | Reached skill level 15 in Invocations
    20 | D        | Reached XP level 19. HP: 207/207 MP: 16/33
    21 | D        | Killed a meat berserker
    22 | D        | Noticed a meat berserker
    22 | D        | Noticed a meat berserker
    22 | D        | Reached skill level 15 in Spellcasting
    23 | D        | Reached XP level 20. HP: 216/216 MP: 16/39
    24 | D        | Noticed a meat berserker
    24 | D        | Reached ****** piety under Makhleb
    25 | D        | Noticed a meat berserker
    25 | D        | Noticed a destroyer
    25 | D        | Killed a meat berserker
    25 | D        | Reached skill level 27 in Unarmed Combat
    25 | D        | Reached XP level 21. HP: 224/224 MP: 17/44
    25 | D        | Reached skill level 27 in Invocations
    26 | D        | Killed a destroyer
    26 | D        | Reached skill level 27 in Stealth
    26 | D        | Reached XP level 22. HP: 233/233 MP: 17/51
    27 | D        | Reached skill level 27 in Spellcasting
    29 | D        | Reached XP level 23. HP: 240/240 MP: 17/53
    33 | D        | Noticed a destroyer
    34 | D        | Reached XP level 24. HP: 187/249 MP: 19/53
    35 | D        | Noticed a destroyer
    37 | D        | Killed a destroyer
    37 | D        | Reached XP level 25. HP: 257/257 MP: 19/53
    39 | D        | Noticed a destroyer
    40 | D        | Killed a destroyer
    41 | D        | Killed a destroyer
    42 | D        | Noticed a destroyer
    42 | D        | Noticed a destroyer
    42 | D        | Noticed a destroyer
    43 | D        | Noticed a destroyer
    44 | D        | Killed a destroyer
    44 | D        | Reached XP level 26. HP: 77/266 MP: 21/53
    47 | D        | Noticed a destroyer
    47 | D        | Noticed a tyrant
    49 | D        | Noticed a tyrant
    50 | D        | Killed a destroyer
    51 | D        | Killed a destroyer
    51 | D        | Reached XP level 27. HP: 273/273 MP: 23/53
    52 | D        | Killed a destroyer
    53 | D        | Noticed a destroyer
    53 | D        | Killed a tyrant
    54 | D        | Killed a destroyer
    55 | D        | Noticed an accursed
    55 | D        | Noticed a tyrant
    58 | D        | Noticed a tyrant
    58 | D        | Noticed a tyrant
    59 | D        | Killed a tyrant
    60 | D        | Killed a destroyer
    62 | D        | Killed a tyrant
    63 | D        | Killed an accursed
    64 | D        | Noticed a tyrant
    66 | D        | Noticed an accursed
    68 | D        | Killed a tyrant
    70 | D        | Killed from afar by a tyrant

Skill      XL: |  1  2  3  4  5  6  7  8  9 10 11 12 13 14 15 16 17 18 19 20 21 22 |
---------------+-------------------------------------------------------------------+-----
Fighting       | 13 17 20 27 | 27.0
Axes           | 23 27 | 27.0
Throwing       | 11 14 16 24 27 | 27.0
Dodging        | 21 26 27 | 27.0
Armour         | 1 8 17 27 | 27.0
Stealth        | 6 14 20 24 27 | 27.0
Unarmed Combat | 8 17 23 27 | 27.0
Spellcasting   | 5 11 16 20 26 27 | 27.0
Invocations    | 7 15 22 26 27 | 27.0

Action                   |  1- 3 |  4- 6 |  7- 9 | 10-12 | 13-15 | 16-18 | 19-21 | 22-24 | 25-27 || total
-------------------------+-------+-------+-------+-------+-------+-------+-------+-------+-------++-------
Melee: Executioner's axe |     1 |       |       |       |     3 |     4 |     6 |    11 |    29 ||    54
